 Dungeon Crawl Stone Soup version 0.27-a0-1308-gc08437e49b (webtiles) character file.

Game seed: 15454308821701773013

7 Sobieck the Ducker (level 1, -2/16 HPs)
             Began as a Spriggan Berserker on June 18, 2021.
             Was a Follower of Trog.
             Frozen to death by an endoplasm (5 damage)
             ... on level 2 of the Dungeon.
             The game lasted 00:00:31 (208 turns).

Sobieck the Ducker (Spriggan Berserker)              Turns: 208, Time: 00:00:32

Health: -2/16      AC:  2    Str: 13    XL:     1   Next: 91%
Magic:  2/2        EV: 18    Int:  8    God:    Trog [*.....]
Gold:   10         SH:  0    Dex: 14    Spells: 0/0 levels left

rFire    . . .     SeeInvis +   a - +0 falchion {long}
rCold    . . .     Faith    .   (shield restricted)
rNeg     . . .     Spirit   .   b - +0 animal skin
rPois    .         Reflect  .   (helmet restricted)
rElec    .         Harm     .   (no cloak)
rCorr    .         Rampage  .   (gloves unavailable)
Will     .....                  (boots unavailable)
Stlth    ..........             (no amulet)
HPRegen  0.05/turn              (no ring)
MPRegen  0.08/turn              (no ring)

@: confused, berserking (expiring), very quick
A: very small, no large weapons, unfitting armour, see invisible, speed 3
a: Renounce Religion, Berserk


You were on level 2 of the Dungeon.
You worshipped Trog.
Trog was aware of your devotion.
You visited 1 branch of the dungeon, and saw 2 of its levels.

You collected 10 gold pieces.


Innate Abilities, Weirdness & Mutations

You are very small and have problems with some larger weapons.
You are too small for most types of armour.
You have supernaturally acute eyesight. (SInv)
You cover ground extremely quickly. (Speed+++)


   Skills:
 + Level 2.6 Fighting
 + Level 2.5 Long Blades
 + Level 4.2 Dodging


You couldn't memorise any spells.
You didn't know any spells.
Your spell library was empty.

Inventory:

Hand Weapons
 a - a +0 falchion (weapon) {long}
Missiles
 c - 32 bolts
Armour
 b - a +0 animal skin (worn)
Scrolls
 d - a scroll of fear {unknown}

Dungeon Overview and Level Annotations

Branches:
Dungeon (2/15)

Altars:

Annotations:
D:2 Jessica, Sigmund

# #......# ... #
#<#......##... #.
#.#.......... #..
........@.. ....
#.......# .
.....#......# ...
#........#....
###.#.<.........
..K..gยงl.@.......
.......S@J.......
.................
##..............#
................#
.#..............#
.#.##....##..###
.. ...... .##


You could see Sigmund, Jessica, an endoplasm, a goblin, a ball python, a kobold
and a frilled lizard.


Message History

The bat hits you but does no damage.
You completely miss the bat. The bat barely misses you.
You riposte.
You hit the bat. The bat barely misses you.
You miss the bat. The bat misses you. The bat hits you but does no damage.
You hit the bat. The bat misses you.
You riposte.
You closely miss the bat. The bat misses you.
You riposte.
You miss the bat. You hit the bat.
You kill the bat!
Trog accepts your kill. The bat hits you but does no damage.
The bat barely misses you.
You hit the bat.
You kill the bat!
Trog accepts your kill.
No target in view!
A goblin comes into view. It is wielding a +0 club.
Found a stone staircase leading down.
You hit the goblin.
You kill the goblin!
Trog accepts your kill.
No target in view!
c - 32 bolts (gained 18)
A rat comes into view.
A frilled lizard comes into view.
The frilled lizard hisses angrily.
The rat misses you.
You hit the frilled lizard.
You kill the frilled lizard!
Trog accepts your kill. The rat bites you. ๐Ÿ˜• HP[-2]
You take 2 damage, and now have 9/11 hp.
You closely miss the rat. The rat bites you. ๐Ÿ˜ฎ HP[-2]
You take 2 damage, and now have 7/11 hp.
You are too injured to fight recklessly!
You are too injured to fight recklessly!
You are too injured to fight recklessly!
You slash the rat!
You kill the rat!
Trog accepts your kill.
You see here a rat corpse.
You see here a frilled lizard corpse.
There is a stone staircase leading down here.
You start resting. ๐Ÿ˜Ž HP[+4]
Your hp is fully restored (11).
You climb downwards.
A frilled lizard, a bat, a rat, an endoplasm and Sigmund come into view.
The endoplasm quivers.
Found a stone staircase leading up.
There is a stone staircase leading up here.
A red film seems to cover your vision as you go berserk!
You feel yourself moving faster!
You feel mighty!
Sigmund shouts!
You hear an angry hiss.
You hear a shout!
A ball python comes into view.
The rat bites you but does no damage.
Jessica the Apprentice Sorceress comes into view.
She is wielding a +0 club.
A goblin comes into view. It is wielding a +0 dagger.
Sigmund closely misses you. ๐Ÿ˜Ž HP[+5]
You now have 16 max hp (+5).
Your hp is fully restored (16).
You slash the rat!
You kill the rat!
Trog accepts your kill. Sigmund misses you.
You riposte.
You closely miss Sigmund. You slash Sigmund! The bat misses you.
You riposte.
You slash the bat!
You kill the bat!
Trog accepts your kill.
Sigmund is suddenly surrounded by pale blue light.
Sigmund closely misses you.
You riposte.
You closely miss Sigmund. You closely miss Sigmund.
Jessica casts a spell.
Jessica blinks!
You hit Sigmund.
The endoplasm hits you but does no damage.
Sigmund gestures at you while chanting.
You are confused.
You closely miss Sigmund. The endoplasm hits you.
Sigmund completely misses you.
Jessica gestures wildly.
A kobold comes into view. It is wielding a +0 dagger. ๐Ÿ˜• HP[-1]
You take 1 damage, and now have 15/16 hp.
You barely miss Sigmund.
The endoplasm hits you but does no damage.
The ball python misses you. The ball python grabs you.
The ball python constricts you.
Jessica mumbles some strange words.
Jessica blinks!
Sigmund hits you with a +0 scythe!
Ouch! That really hurt!
* * * LOW HITPOINT WARNING * * *
๐Ÿ˜ฑ HP[-12]
You take 12 damage, and now have 3/16 hp.
MASSIVE DAMAGE!! (PAUSE)
You escape the ball python's grasp.
You feel a strong urge to attack something.
The endoplasm freezes you.
You are frozen.
You die...

Action                   || total
-------------------------++-------
Melee: Falchion          ||    16
Invok: Berserk           ||     1
Armor: Animal skin       ||     6
Dodge: Dodged            ||    13
       Rpst.: Falchion   ||     6

Levels and vault maps discovered:
D:1:      onia_arrival_zoo_common, layout_rooms, minmay_lizard_king
D:2:      layout_rooms, nrook_campfire, serial_bayou_pond_b, uniq_sigmund,
          uniq_jessica

Notes
Turn   | Place    | Note
-------+----------+-------------------------------------------
     0 | D:1      | Sobieck the Spriggan Berserker began the quest for the Orb.
     0 | D:1      | Reached XP level 1. HP: 11/11 MP: 2/2
     0 | D:1      | magus.rc [v1.9.6]
     6 | D:1      | Noticed a lindwurm
     6 | D:1      | Noticed a swamp drake
     7 | D:1      | Noticed a water moccasin
     7 | D:1      | Noticed a polar bear
   198 | D:2      | Noticed Sigmund
   199 | D:2      | Noticed Jessica
   206 | D:2      | HP: 3/16 [Sigmund (12)]
   208 | D:2      | Frozen to death by an endoplasm

Vanquished Creatures
  3 bats
  A goblin (D:1)
  A hobgoblin (D:1)
  A frilled lizard (D:1)
  2 rats
8 creatures vanquished.

Table legend:
 A = Non-vault XP
 B = Vault XP
 C = Vault XP percentage of total XP
 D = Non-vault monster count
 E = Vault monster count
 F = Vault count percentage of total count
                 A         B        C        D         E       F
            +---------+---------+-------+---------+---------+-------
      Total |      11 |       0 |   0.0 |       8 |       0 |   0.0
            +---------+---------+-------+---------+---------+-------
        D:1 |       9 |       0 |   0.0 |       6 |       0 |   0.0
        D:2 |       2 |       0 |   0.0 |       2 |       0 |   0.0
            +---------+---------+-------+---------+---------+-------

Illustrated notes

Table legend:
 A = Kills in this place as a percentage of kills in entire the game.
 B = Kills by you in this place as a percentage of kills by you in the entire game.
 C = Kills by friends in this place as a percentage of kills by friends in the entire game.
 D = Other kills in this place as a percentage of other kills in the entire game.
 E = Experience gained in this place as a percentage of experience gained in the entire game.
 F = Experience gained in this place divided by the number of levels of this place that you have seen.
                   A       B       C       D       E      F
               +-------+-------+-------+-------+-------+----------------------
         Total | 100.0 | 100.0 |   N/A |   N/A | 100.0 |   5.5
       Dungeon | 100.0 | 100.0 |   N/A |   N/A | 100.0 |   5.5
               +-------+-------+-------+-------+-------+----------------------

Table legend: (Time is in decaauts)
 A = Elapsed time spent in this place.
 B = Non-inter-level travel time spent in this place.
 C = Inter-level travel time spent in this place.
 D = Time resting spent in this place.
 E = Time spent auto-exploring this place.
 F = Levels seen in this place.
 G = Mean time per level.
                   A        B        C        D        E       F      G
               +--------+--------+--------+--------+--------+-----+--------+
         Total |    174 |    174 |      0 |    101 |     39 |   2 |   87.0 |
       Dungeon |    174 |    174 |      0 |    101 |     39 |   2 |   87.0 |
               +--------+--------+--------+--------+--------+-----+--------+

Top non-repeatable levels by time:
     D:1: 167 daAuts
     D:2: 7 daAuts
